 Dungeon Crawl Stone Soup version 0.26-a0-667-g92642533e4 (webtiles) character file.

Game seed: 15509798669536352203

6190 DogServant the Dealer of Despair (level 10, -28/81 HPs)
             Began as a Demonspawn Necromancer on Oct 18, 2020.
             Was an Elder of Kikubaaqudgha.
             Annihilated by Urug
             ... wielding a +4 double sword of holy wrath
              (30 damage)
             ... on level 10 of the Dungeon.
             The game lasted 00:33:22 (13336 turns).

DogServant the Dealer of Despair (DsNe)            Turns: 13336, Time: 00:33:24

Health: -28/81     AC:  6    Str: 11    XL:     10   Next: 60%
Magic:  16/16      EV: 16    Int: 18    God:    Kikubaaqudgha [****..]
Gold:   703        SH:  5    Dex: 13    Spells: 3/17 levels left

rFire    . . .     SeeInvis .   f - +1 dagger (elec)
rCold    . . .     Faith    .   (no shield)
rNeg     . . .     Spirit   .   H - +2 robe {MR+}
rPois    .         Reflect  +   (helmet restricted)
rElec    .         Harm     .   B - +0 cloak
rCorr    .         Rampage  .   (no gloves)
MR       +....                  E - +0 pair of boots
Stlth    ++........             v - amulet of reflection
HPRegen  0.23/turn              w - ring of wizardry
MPRegen  0.15/turn              (no ring)

@: confusing touch
A: horns 2, repulsion field 1, powered by pain 1, spiny 2
a: Receive Corpses, Renounce Religion


You were on level 10 of the Dungeon.
You worshipped Kikubaaqudgha.
Kikubaaqudgha was greatly pleased with you.
You visited 2 branches of the dungeon, and saw 11 of its levels.
You also visited: Sewer.

You collected 703 gold pieces.

Inventory:

Hand Weapons
 f - a +1 dagger of electrocution (weapon)
Armour
 a - a +0 robe
 h - a +0 leather armour
 q - a +0 scale mail of poison resistance
 r - a +0 ring mail
 B - a +0 cloak (worn)
 E - a +0 pair of boots (worn)
 H - a +2 robe of magic resistance (worn)
Jewellery
 v - an amulet of reflection (around neck)
 w - a ring of wizardry (left hand)
Wands
 e - a wand of digging (2)
 n - a wand of flame (19)
 y - a wand of disintegration (24)
 z - a wand of acid (9)
 G - a wand of paralysis (7)
 I - a wand of polymorph (10)
Scrolls
 b - 5 scrolls of remove curse
 i - 5 scrolls of teleportation
 s - a scroll of blinking
 t - 2 scrolls of fear
 u - a scroll of immolation
 A - 2 scrolls of magic mapping
 C - 2 scrolls of amnesia
 D - a scroll of random uselessness {unknown}
Potions
 c - a potion of magic
 d - 5 potions of heal wounds
 g - 3 potions of resistance
 j - 2 potions of haste
 k - 3 potions of stabbing
 l - 2 potions of ambrosia
 m - 3 potions of might
 o - 2 potions of mutation
 p - 4 potions of curing {unknown}
 x - 3 potions of flight {unknown}
 F - 2 potions of lignification {unknown}


   Skills:
 - Level 8.3 Fighting
 - Level 2.0 Short Blades
 - Level 5.2 Armour
 - Level 4.4 Dodging
 - Level 1.7 Stealth
 - Level 4.0 Spellcasting
 - Level 5.2 Hexes
 + Level 10.9 Necromancy


You had 3 spell levels left.
You knew the following spells:

 Your Spells              Type           Power        Failure   Level
a - Pain                  Necr           ####         1%          1
b - Animate Skeleton      Necr           #####.       1%          1
c - Vampiric Draining     Necr           #####.....   1%          3
d - Corpse Rot            Necr/Air       N/A          1%          2
e - Confusing Touch       Hex            ###.....     1%          3
f - Animate Dead          Necr           #####.....   1%          4

Your spell library contained the following spells:

 Spells                   Type           Power        Failure   Level
 Slow                     Hex            ###.....     1%          2
 Sublimation of Blood     Necr           #####.....   1%          2
 Magic Dart               Conj           #...         6%          1
 Blink                    Tloc           N/A          9%          2
 Call Imp                 Summ           #.......     9%          2
 Poisonous Vapours        Pois/Air       #.....       9%          2
 Conjure Flame            Conj/Fire      #.......     17%         3
 Gell's Gravitas          Tloc           #.........   17%         3
 Mephitic Cloud           Conj/Pois/Air  #.......     17%         3
 Dispel Undead            Necr           #####...     1%          4
 Agony                    Necr           #####...     1%          5
 Death Channel            Necr           #####.....   11%         6
 Borgnjor's Vile Clutch   Necr/Erth      ###.......   17%         5
 Metabolic Englaciation   Hex/Ice        ##........   45%         5
 Yara's Violent Unravell  Hex/Tmut       ##........   45%         5
 Petrify                  Tmut/Erth      #.......     47%         4
 Simulacrum               Ice/Necr       ###.......   65%         6
 Freezing Cloud           Conj/Ice/Air   #.........   100%        6


Dungeon Overview and Level Annotations

Branches:
Dungeon (10/15)            Temple (1/1) D:4            Lair (0/6) D:8
    Orc (0/2) D:9           Sewer (visited)

Altars:
Ashenzari
Cheibriados
Dithmenos
Elyvilon
Fedhas
Gozag
Hepliaklqana
Kikubaaqudgha
Makhleb
Nemelex Xobeh
Okawaru
Qazlal
Ru
Sif Muna
Trog
Uskayaw
Vehumet
Wu Jian
Xom
Yredelemnul
Zin
The Shining One

Annotations:
D:6 Grinder
D:8 3 runed translucent doors, chispire's ghost, novice MiBe
D:9 1 runed translucent door, wemp's ghost, novice SpEn
D:10 Urug


Innate Abilities, Weirdness & Mutations

You have a pair of horns on your head.
You are surrounded by a mild repulsion field. (EV +2)
You sometimes gain a little power by taking damage.
You are mostly covered in sharp spines.


Message History

Your leopard gecko zombie is destroyed!
The javelin pierces through you.
You feel much better.
Casting: Animate Dead (mildly dangerous; 1% risk of failure)
Confirm with . or Enter, or press ? or * to list all spells.
There is nothing fresh enough to decay nearby.
Okay, then.
Casting: Corpse Rot (safe; 1% risk of failure)
Confirm with . or Enter, or press ? or * to list all spells.
Your hands begin to glow red.
Urug throws a javelin.
The javelin pierces through you!!
There is an open door here.
You barely miss Urug.
Urug is lightly wounded.
Urug screams, "Revenge!"
Urug hits you with a +4 double sword of holy wrath!!
* * * LOW HITPOINT WARNING * * *
You focus on the pain.
You feel your power returning.
You convulse!!
You die...
Kikubaaqudgha rasps: "You have failed me!
Welcome... death!"

#................#'#...
#................#.#.##
#..................#...
######+##..........#.#.
#.....(..........#.#.
#................#.##
#....([..........#.##
#..(...#'####+#..#.##
####@###.####.#..#.##
#o# #.........#.## #(#
######.##.#.## #.#
#....#... #.# #########
#(# # #........ #
######### # #


You could see Urug.

Vanquished Creatures
  Psyche (D:9)
  Sigmund (D:5)
  4 yaks (D:10)
  Duvessa (D:4)
  3 orc warriors
  An ice beast (D:7)
  A hornet zombie (D:7)
  A sky beast (D:6)
  2 phantoms (D:9)
  4 centaurs
  6 ogres
  A wyvern zombie (D:7)
  3 bullfrogs
  Dowan (D:4)
  A scorpion (D:4)
  A troll zombie (D:9)
  10 killer bees
  8 wights (D:6)
  3 howler monkeys
  An electric eel (D:10)
  A centaur zombie (D:9)
  9 orc priests
  4 hounds
  A bullfrog skeleton (D:5)
  A jelly (D:10)
  14 orc wizards
  2 centaur skeletons
  An iguana (D:9)
  8 worker ants
  7 ogre zombies (D:9)
  A hound zombie (D:8)
  2 hound skeletons
  2 river rats (D:3)
  8 adders
  A shadow imp (D:7)
  3 white imps
  2 adder zombies
  An ooze (D:7)
  An adder skeleton (D:5)
  3 worms (D:4)
  5 leopard geckos
  44 orcs
  5 giant cockroaches
  14 goblins
  10 hobgoblins
  14 jackals
  3 quokkas
  10 ball pythons
  8 bats
  8 frilled lizards
  A giant cockroach zombie (D:5)
  A goblin skeleton (D:9)
  6 goblin zombies (D:9)
  A hobgoblin skeleton (D:9)
  5 hobgoblin zombies (D:9)
  13 kobolds
  12 orc zombies (D:9)
  A quokka skeleton (D:6)
  5 rats
292 creatures vanquished.

Vanquished Creatures (collateral kills)
  A yak (D:10)
  An orc warrior (D:9)
  A big kobold (D:9)
  3 howler monkeys (D:8)
  An electric eel (D:9)
  An adder (D:6)
  A river rat (D:3)
  2 orcs
  3 kobolds (D:9)
  2 rats (D:3)
16 creatures vanquished.

Vanquished Creatures (others)
  An adder skeleton (D:9)
  11 plants (Sewer)
12 creatures vanquished.

Grand Total: 320 creatures vanquished

Notes
Turn   | Place    | Note
-------+----------+-------------------------------------------
     0 | D:1      | DogServant the Demonspawn Necromancer began the quest for
                  | the Orb.
     0 | D:1      | Reached XP level 1. HP: 13/13 MP: 3/3
   278 | D:1      | Reached skill level 1 in Fighting
   556 | D:1      | Gained mutation: You are partially covered in sharp spines.
                  | [demonic ancestry]
   556 | D:1      | Reached XP level 2. HP: 18/21 MP: 5/5
   934 | D:1      | Learned a level 1 spell: Animate Skeleton
  1297 | D:2      | Reached skill level 5 in Necromancy
  1297 | D:2      | Gained mutation: You have a pair of small horns on your
                  | head. [demonic ancestry]
  1297 | D:2      | Reached XP level 3. HP: 24/27 MP: 3/6
  1704 | D:2      | Learned a level 3 spell: Vampiric Draining
  1750 | D:2      | Found a shimmering altar of Xom.
  1750 | D:2      | Found a shimmering altar of Xom.
  1751 | D:2      | Found a shimmering altar of Xom.
  2407 | D:3      | Reached XP level 4. HP: 32/34 MP: 4/7
  2424 | D:3      | Found a glowing drain.
  2443 | Sewer    | Entered a sewer
  2455 | Sewer    | Reached skill level 1 in Armour
  3359 | D:3      | Gained mutation: You sometimes gain a little power by
                  | taking damage. [demonic ancestry]
  3359 | D:3      | Reached XP level 5. HP: 39/40 MP: 5/8
  3427 | D:3      | Found a hazy altar of Hepliaklqana.
  3957 | D:3      | Gained mutation: You are mostly covered in sharp spines.
                  | [demonic ancestry]
  3957 | D:3      | Reached XP level 6. HP: 36/47 MP: 1/9
  4865 | D:4      | Found a staircase to the Ecumenical Temple.
  4884 | Temple   | Entered the Ecumenical Temple
  5204 | Temple   | Became a worshipper of Kikubaaqudgha
  5228 | D:4      | Reached skill level 1 in Short Blades
  5646 | D:4      | Noticed Duvessa
  5646 | D:4      | Noticed Dowan
  5663 | D:4      | Killed Duvessa
  5663 | D:4      | Gained mutation: You are surrounded by a mild repulsion
                  | field. (EV +2) [demonic ancestry]
  5663 | D:4      | Reached XP level 7. HP: 55/55 MP: 10/10
  5670 | D:4      | Killed Dowan
  5740 | D:5      | Entered Level 5 of the Dungeon
  5884 | D:5      | Reached skill level 5 in Fighting
  6435 | D:5      | Noticed Sigmund
  6586 | D:6      | Reached XP level 8. HP: 64/64 MP: 11/11
  6588 | D:6      | Reached skill level 5 in Armour
  6816 | D:6      | Found a sacrificial altar of Ru.
  6854 | D:6      | Reached * piety under Kikubaaqudgha
  6854 | D:6      | Identified Kikubaaqudgha's Compendium of Stolen Souls
                  | (Kikubaaqudgha gifted it to you on level 6 of the Dungeon)
  6854 | D:6      | Received a gift from Kikubaaqudgha
  6943 | D:6      | Learned a level 2 spell: Corpse Rot
  6947 | D:6      | Learned a level 3 spell: Confusing Touch
  6977 | D:6      | Reached skill level 6 in Necromancy
  7054 | D:6      | Reached skill level 1 in Hexes
  7563 | D:6      | Noticed Grinder
  7883 | D:5      | Killed Sigmund
  8382 | D:7      | Gained mutation: You have a pair of horns on your head.
                  | [demonic ancestry]
  8382 | D:7      | Reached XP level 9. HP: 74/74 MP: 9/12
  8539 | D:7      | Reached ** piety under Kikubaaqudgha
  8544 | D:7      | Reached skill level 5 in Hexes
  8816 | D:7      | Found a shadowy altar of Dithmenos.
  9807 | D:8      | Found a runed translucent gate.
  9807 | D:8      | Found a runed translucent gate.
  9807 | D:8      | Found a runed translucent gate.
  9807 | D:8      | Noticed chispire's ghost (novice MiBe)
 10443 | D:8      | Reached skill level 7 in Necromancy
 10641 | D:8      | Learned a level 4 spell: Animate Dead
 10692 | D:8      | Found a staircase to the Lair.
 11171 | D:9      | Reached *** piety under Kikubaaqudgha
 11171 | D:9      | Identified Kikubaaqudgha's Compendium of Unholy Rites
                  | (Kikubaaqudgha gifted it to you on level 9 of the Dungeon)
 11171 | D:9      | Received a gift from Kikubaaqudgha
 11422 | D:9      | Noticed Psyche
 11441 | D:9      | Killed Psyche
 11441 | D:9      | Reached skill level 8 in Necromancy
 11441 | D:9      | Reached XP level 10. HP: 45/81 MP: 0/15
 11727 | D:9      | Found a runed translucent door.
 11735 | D:9      | Noticed wemp's ghost (novice SpEn)
 11737 | D:9      | Noticed a purple ugly thing
 11983 | D:9      | Found a staircase to the Orcish Mines.
 12179 | D:9      | Reached **** piety under Kikubaaqudgha
 12182 | D:9      | Reached skill level 9 in Necromancy
 12561 | D:10     | Entered Level 10 of the Dungeon
 12614 | D:10     | Reached skill level 10 in Necromancy
 13320 | D:10     | Noticed Urug
 13336 | D:10     | HP: 2/81 [Urug/+4 double sword of holy wrath (32)]
 13336 | D:10     | Annihilated by Urug

Illustrated notes

Levels and vault maps discovered:
D:1:      psy_arrival_fountain, layout_basic
D:2:      layout_basic, xom_redecorated
D:3:      layout_basic, nicolae_overflow_crystal_walls, portal_sewer_entry_e
D:4:      layout_basic, minmay_temple_entry_statues_fountains, minmay_between,
          uniq_duvessa
D:5:      layout_cave_pods, uniq_sigmund
D:6:      layout_loops_ring, nicolae_benzene_ring,
          nicolae_ru_great_annihilating_truth, uniq_grinder
D:7:      layout_basic, basic_altar, grunt_ministairs_10,
          hangedman_decor_diamond_cutter, chequers_serial_rivers_room_b
D:8:      layout_loops_corners, lair_entry_dummy, ebering_ghost_rock_garden,
          kennysheep_boxes
D:9:      layout_basic, zombieorc2_lemuel, enter_bailey_3,
          ebering_ghost_inner_flame, eino_small_chamber_without_monster,
          uniq_psyche
D:10:     layout_basic, minivault_4, uniq_urug
Temple:   regret_index_temple_sigil_plot

Skill      XL: |  1  2  3  4  5  6  7  8  9 10 |
---------------+-------------------------------+-----
Fighting       | 1 2 3 4 5 7 8 |  8.3
Necromancy     | 5 6 8 10 | 10.9
Armour         | 1 2 3 4 5 |  5.2
Short Blades   | 1 2 |  2.0
Hexes          | 4 5 |  5.2
Dodging        | 4 |  4.4
Spellcasting   | 3 4 |  4.0
Stealth        | |  1.7

Action                   |  1- 3 |  4- 6 |  7- 9 | 10-12 || total
-------------------------+-------+-------+-------+-------++-------
Melee: Unarmed           |    22 |       |       |       ||    22
       Club              |     3 |       |       |       ||     3
       Dagger            |    54 |   124 |   272 |   212 ||   662
       Headbutt          |     4 |    13 |    45 |    43 ||   105
 Cast: Pain              |    28 |    10 |    11 |       ||    49
       Animate Skeleton  |       |     9 |    11 |     8 ||    28
       Vampiric Draining |       |    11 |    18 |     8 ||    37
       Corpse Rot        |       |       |     5 |       ||     5
       Confusing Touch   |       |       |     4 |     2 ||     6
       Animate Dead      |       |       |     4 |     2 ||     6
Invok: Receive Corpses   |       |       |     3 |     3 ||     6
Evoke: Wand              |       |       |     3 |       ||     3
  Use: Scroll            |     4 |     3 |    10 |     6 ||    23
       Potion            |       |     1 |     4 |     1 ||     6
 Stab: Sleeping          |     2 |     3 |     5 |     3 ||    13
       Distracted        |       |     1 |       |       ||     1
       Invisible         |       |       |     1 |       ||     1
       Confused          |       |       |     1 |       ||     1
Armor: Robe              |    16 |       |       |    24 ||    40
       Leather armour    |       |    20 |    28 |       ||    48
Dodge: Dodged            |    54 |    68 |   131 |   109 ||   362
Block: Other             |       |     1 |    61 |    27 ||    89
       Reflection        |       |       |     4 |     1 ||     5

Table legend: (Time is in decaauts)
 A = Elapsed time spent in this place.
 B = Non-inter-level travel time spent in this place.
 C = Inter-level travel time spent in this place.
 D = Time resting spent in this place.
 E = Time spent auto-exploring this place.
 F = Levels seen in this place.
 G = Mean time per level.
                   A        B        C        D        E       F      G
               +--------+--------+--------+--------+--------+-----+--------+
         Total |  13486 |  12882 |    604 |   2052 |   8743 |  12 | 1123.8 |
       Dungeon |  12155 |  11601 |    554 |   2032 |   7644 |  10 | 1215.5 |
        Temple |    335 |    285 |     50 |      0 |    284 |   1 |  335.0 |
         Sewer |    995 |    995 |      0 |     20 |    814 |   1 |  995.0 |
               +--------+--------+--------+--------+--------+-----+--------+

Top non-repeatable levels by time:
     D:9: 1429 daAuts
     D:7: 1424 daAuts
     D:3: 1406 daAuts
     D:8: 1335 daAuts
     D:6: 1319 daAuts
     D:5: 1285 daAuts
     D:1: 1269 daAuts
   Sewer: 995 daAuts
     D:2: 959 daAuts
     D:4: 954 daAuts
    D:10: 770 daAuts
  Temple: 335 daAuts
